 Dungeon Crawl Stone Soup version 0.32-a0-5-gbffa963729 (webtiles) character file.

Game seed: 13684991791675426710

20 seren the Ruffian (level 2, -2/18 HPs)
             Began as an Octopode Shapeshifter on Jan 13, 2024.
             Slain by Natasha (5 damage)
             ... on level 2 of the Dungeon.
             The game lasted 00:01:36 (1116 turns).

seren the Ruffian (Octopode Shapeshifter)           Turns: 1116, Time: 00:01:36

Health: -2/18      AC:  1    Str: 13    XL:     2   Next: 79%
Magic:  2/2        EV: 13    Int: 12    God:
Gold:   33         SH:  0    Dex: 11    Spells: 1/1 levels left

rFire   . .          .
                       - Unarmed
rCold   . . .        (no shield)
rNeg    . . .        (helmet currently unavailable)
rPois   .            d - amulet of the acrobat
rElec   .            (no ring)
rCorr   .            (no ring)
SInv    .            (no ring)
Will    .....        (no ring)
Stlth   +++          (no ring)
HPRegen 0.23/turn    (no ring)
MPRegen 0.08/turn    (no ring)
                     (no ring)

%: acrobat
@: beast-form
A: beast (slay +1), almost no armour, amphibious, 8 rings, camouflage 1,
gelatinous body 1, (nimble swimmer 1), tentacles
a: Begin Untransformation


You were on level 2 of the Dungeon.
You were a hulking beast.
You visited 1 branch of the dungeon, and saw 2 of its levels.

You collected 33 gold pieces.

Inventory:

Missiles
 h - 3 poisoned darts (quivered)
Jewellery
 d - an amulet of the acrobat (around mantle)
Talismans
 b - a beast talisman
 c - a flux talisman
Scrolls
 e - a scroll of poison {unknown}
 i - 2 scrolls of acquirement {unknown}
 j - 4 scrolls of identify {unknown}
 k - a scroll of teleportation {unknown}
Potions
 a - a potion of lignification
 f - a potion of heal wounds {unknown}
 g - a potion of degeneration {unknown}


   Skills:
 + Level 1.4 Fighting
 + Level 2.2 Dodging
 + Level 1.2 Stealth
 + Level 3.2 Unarmed Combat
 + Level 3.1 Shapeshifting


You had one spell level left.
You didn't know any spells.
Your spell library contained the following spells:

 Spells                   Type           Power      Damage    Failure   Level
 Static Discharge         Conj/Air       0%         3-3/arc   45%         2
 Volatile Blastmotes      Fire/Tloc      0%         2d10      69%         3
 Silence                  Hex/Air        0%         N/A       100%        5


Dungeon Overview and Level Annotations

Branches:
Dungeon (2/15)

Altars:

Annotations:
D:2 Natasha


Innate Abilities, Weirdness & Mutations

You are a hulking beast.
Your limbs bulge with bestial killing power. (Slay +1)
You cannot wear most types of armour.
You are amphibious.
You can wear up to eight rings at the same time.
Your skin changes colour to match your surroundings (Stealth+).
Your rubbery body absorbs attacks. (AC +1, EV +1)
((You are camouflaged when in or above water. (Stealth+)))
You have tentacles for arms and can constrict up to eight enemies at once.


Message History

The floor.
Placed new exclusion.
Partly explored, can't reach some places.
Natasha stares at you and mumbles some strange words.
The magic dart hits you.
A rat comes into view.
You open the door.
Found 9 gold pieces.
There is an open door here.
A goblin comes into view. It is wielding a +0 club.
The goblin shouts!
A giant cockroach comes into view.
Found 7 gold pieces.
You closely miss the goblin. Your grab misses the goblin.
The goblin closely misses you.
You bludgeon the goblin!
You kill the goblin!
Things that are here:
a +0 club; a goblin corpse The giant cockroach waves its antennae.
You tentacle-slap the giant cockroach but do no damage.
You grab the giant cockroach. You constrict the giant cockroach.
The giant cockroach bites you but does no damage.
The giant cockroach barely misses you.
You tentacle-slap the giant cockroach.
The giant cockroach is severely wounded.
You constrict the giant cockroach, but do no damage.
Natasha claws you!
Ouch! That really hurt!
* * * LOW HITPOINT WARNING * * *
The giant cockroach closely misses you.
You tentacle-slap the giant cockroach.
You kill the giant cockroach!
Natasha claws you.
* * * LOW HITPOINT WARNING * * *
You barely miss Natasha. You grab Natasha.
You constrict Natasha, but do no damage.
Natasha claws you.
You die...
Natasha begins licking her fur clean.

..>#.....### ###..# #h
...#.......##.#..### #.#.
...#...)...##.###..# #.#..
#...####...# ..#..### #.#..#
#..... #...# #.###..##.#..#.
#.....##...## ..#..##.#r.#.#
............# #.###.h#..#.#
............###..#.....#.#
...........#..$h###..#.#
..........)#.##h)#..#.##
.........### #...##..##
...........#$..#..'h##
#####......#####################
#......'....................
###....#####..##########..##
#....# #..# #.....## ######
#..## ####.###.##


You could see Natasha.

Vanquished Creatures
  A ball python (D:2)
  2 bats
  2 giant cockroaches
  3 goblins
  4 hobgoblins
  2 frilled lizards
  2 kobolds (D:1)
  2 rats (D:2)
18 creatures vanquished.

Notes
Turn   | Place    | Note
-------+----------+-------------------------------------------
     0 | D:1      | seren the Octopode Shapeshifter began the quest for the
                  | Orb.
     0 | D:1      | Reached XP level 1. HP: 13/13 MP: 1/1
   382 | D:1      | Reached XP level 2. HP: 18/18 MP: 2/2
  1005 | D:2      | Reached skill level 1 in Stealth
  1052 | D:2      | Got Sif Muna's Discursus on the Charged Arsonist
  1099 | D:2      | Noticed Natasha
  1116 | D:2      | Slain by Natasha

Illustrated notes

Levels and vault maps discovered:
D:1:      erik_arrival_triangle_small, layout_basic
D:2:      minmay_razor_zed, layout_basic, minmay_misc_feat_encased, uniq_robin,
          uniq_natasha

Skill      XL: |  1  2 |
---------------+-------+-----
Stealth        | 1 |  1.2
Fighting       | |  1.4
Dodging        | |  2.2
Unarmed Combat | |  3.2
Shapeshifting  | |  3.1

Action                     || total
---------------------------++-------
  Melee: Unarmed           ||    35
         Constrict         ||    13
         Tentacles         ||     4
   Stab: Sleeping          ||     3
 Armour: Skin              ||    16
  Dodge: Dodged            ||    33

Table legend: (Time is in decaauts)
 A = Elapsed time spent in this place.
 B = Non-inter-level travel time spent in this place.
 C = Inter-level travel time spent in this place.
 D = Time resting spent in this place.
 E = Time spent auto-exploring this place.
 F = Levels seen in this place.
 G = Mean time per level.
                   A        B        C        D        E       F      G
               +--------+--------+--------+--------+--------+-----+--------+
         Total |   1113 |   1025 |     88 |     33 |    836 |   2 |  556.5 |
       Dungeon |   1113 |   1025 |     88 |     33 |    836 |   2 |  556.5 |
               +--------+--------+--------+--------+--------+-----+--------+

Top non-repeatable levels by time:
     D:1: 911 daAuts
     D:2: 202 daAuts
